 Dungeon Crawl Stone Soup version 0.18.1-6-gd335043 (webtiles) character file.

2367 shmeve the Skirmisher (level 9, -2/73 HPs)
             Began as a Formicid Fighter on May 15, 2016.
             Was a Believer of Okawaru.
             Killed from afar by an electric eel (10 damage)
             ... with a bolt of electricity
             ... on level 8 of the Dungeon.
             The game lasted 00:12:58 (6901 turns).

shmeve the Skirmisher (Formicid Fighter)            Turns: 6901, Time: 00:12:58

Health: -2/73      AC: 11    Str: 24    XL:     9   Next: 72%
Magic:  9/11       EV: 12    Int:  8    God:    Okawaru [**....]
Gold:   294        SH: 13    Dex: 12    Spells: 0 memorised, 8 levels left

rFire  . . .     SeeInvis +     a - +0 war axe
rCold  . . .     Gourm    .     j - +0 chain mail
rNeg   . . .     Faith    .     c - +0 shield
rPois  .         Spirit   .     (helmet unavailable)
rElec  .         Dismiss  .     (no cloak)
rCorr  .         Reflect  .     (no gloves)
SustAt +         Harm     .     (no boots)
MR     .....                    (no amulet)
Stlth  ..........               J - ring of sustain attributes
                                b - +2 ring of dexterity

@: heroism, not resistant to hostile enchantments, extremely unstealthy
A: permanent stasis, dig shafts and tunnels, four strong arms, antennae 3
a: Dig, Shaft Self, Heroism, Renounce Religion


You were on level 8 of the Dungeon.
You worshipped Okawaru.
Okawaru was pleased with you.
You were not hungry.

You visited 2 branches of the dungeon, and saw 9 of its levels.

You collected 294 gold pieces.

Inventory:

Hand Weapons
 a - a +0 war axe (weapon)
 t - a +0 hand crossbow
Missiles
 m - 114 bolts
Armour
 c - a +0 shield (worn)
 j - a +0 chain mail (worn)
Jewellery
 b - a +2 ring of dexterity (left hand)
 D - an uncursed ring of resist corrosion
 J - a ring of sustain attributes (right hand)
Wands
 p - a wand of hasting (3/9)
 K - a wand of acid (8/15)
 L - a wand of flame (33/48)
Scrolls
 h - 4 scrolls of magic mapping
 l - 3 scrolls of teleportation {unknown}
 q - a scroll of amnesia {unknown}
 s - 2 scrolls of immolation {unknown}
 v - 2 scrolls of blinking {unknown}
 w - 2 scrolls of remove curse
 x - a scroll of enchant armour {unknown}
 y - a scroll of recharging {unknown}
 H - 2 scrolls of identify
Potions
 d - a potion of might
 e - 3 potions of brilliance
 i - a potion of berserk rage
 k - 2 potions of flight {unknown}
 o - a potion of ambrosia
 r - 3 potions of curing
 u - a potion of haste
 z - a potion of cure mutation
 B - a potion of agility
 E - a potion of beneficial mutation {unknown}
 F - a potion of lignification
 G - a potion of invisibility {unknown}
 I - a potion of heal wounds {unknown}
Comestibles
 f - 7 bread rations
 g - 2 beef jerkies
 n - 8 fruits
 A - a slice of pizza
 C - 4 meat rations


   Skills:
 - Level 7.7(12.7) Fighting
 - Level 6.2(11.2) Axes
 + Level 1.6(6.6) Crossbows
 - Level 5.5(10.5) Armour
 - Level 3.3(8.3) Dodging
 - Level 7.6(12.6) Shields
 - Level 3.5 Invocations


You had 8 spell levels left.
You didn't know any spells.

Dungeon Overview and Level Annotations

Branches:
Dungeon (8/15)             Temple (1/1) D:4
   Lair: D:8-11

Altars:
Ashenzari
Dithmenos
Elyvilon
Fedhas
Gozag
Makhleb
Nemelex Xobeh
Okawaru
Pakellas
Qazlal
Ru
Trog
Vehumet
Xom
Yredelemnul
Zin
The Shining One


Innate Abilities, Weirdness & Mutations

You are under a permanent stasis effect.
You can dig through walls and to a lower floor.
Your four strong arms can wield two-handed weapons with a shield.
You have a pair of large antennae on your head (SInv).


Message History

You gain the combat prowess of a mighty hero.
You feel slightly more hungry.
The electric eel shoots out a bolt of lightning at you!
The bolt of electricity hits you!
* * * LOW HITPOINT WARNING * * *
You block the jelly's attack.
Unknown command.
You hit the electric eel.
The electric eel is moderately wounded.
You slash the jelly!
Your hands burn!
* * * LOW HITPOINT WARNING * * *
The jelly is severely wounded.
You closely miss the electric eel.
The electric eel is moderately wounded.
You hit the jelly.
You kill the jelly!
Okawaru accepts your kill.
The electric eel shoots out a bolt of lightning at you!
The bolt of electricity hits you!
You die...

#...#.#
#...##.##
#...+.# ##8##
#...### ### {
#...#
####...######
#...........#
#...........#
#...≈.......#
#...@.......#
#..≈;.......#
#..≈≈≈......#
#....≈......#
#...........#
#...........#
#...........#
#...........


You could see an electric eel.

Vanquished Creatures
  Grinder (D:4)
  A sky beast (D:4)
  3 ogres (D:6)
  A black bear (D:7)
  5 centaurs
  A giant frog (D:6)
  A water moccasin zombie (D:7)
  A scorpion (D:5)
  The ghost of babuloseo the Firebug, a weakling DrFE (D:6)
  3 crimson imps
  2 giant frog zombies (D:5)
  5 hounds
  4 jellies
  A centaur skeleton (D:4)
  A giant frog skeleton (D:5)
  5 worker ants
  3 iguanas
  7 orc wizards
  A hound skeleton (D:4)
  9 adders
  A shadow imp (D:8)
  An adder skeleton (D:4)
  5 worms
  4 dart slugs
  10 giant geckos
  15 orcs
  3 ball pythons
  9 giant cockroaches
  8 goblins
  5 hobgoblins
  7 jackals
  4 kobolds
  4 quokkas
  5 bats
  3 giant newts
  8 rats
148 creatures vanquished.

Notes
Turn   | Place    | Note
--------------------------------------------------------------
     0 | D:1      | shmeve the Formicid Fighter began the quest for the Orb.
     0 | D:1      | Reached XP level 1. HP: 18/18 MP: 1/1
    37 | D:1      | Reached XP level 2. HP: 21/24 MP: 2/2
   255 | D:1      | Reached XP level 3. HP: 27/29 MP: 3/3
  1059 | D:1      | Reached XP level 4. HP: 36/37 MP: 4/4
  1211 | D:2      | Found an opulent altar of Gozag.
  1624 | D:2      | Found a burning altar of Makhleb.
  1633 | D:2      | Reached skill level 1 in Dodging
  1633 | D:2      | Reached XP level 5. HP: 42/42 MP: 5/5
  2184 | D:3      | Found a blossoming altar of Fedhas.
  2548 | D:3      | Found an opulent altar of Gozag.
  2960 | D:4      | Noticed Grinder
  2981 | D:4      | Killed Grinder
  2981 | D:4      | Reached skill level 5 in Fighting
  2981 | D:4      | Reached skill level 5 in Shields
  2981 | D:4      | Reached XP level 6. HP: 34/51 MP: 6/6
  2981 | D:4      | Reached XP level 7. HP: 38/56 MP: 7/7
  3019 | D:4      | Found a shattered altar of Ashenzari.
  3460 | D:4      | Found a bloodstained altar of Trog.
  3647 | D:4      | Found a staircase to the Ecumenical Temple.
  3681 | Temple   | Entered the Ecumenical Temple
  3689 | Temple   | Became a worshipper of Warmaster Okawaru
  3893 | D:5      | Entered Level 5 of the Dungeon
  3908 | D:5      | Reached skill level 1 in Invocations
  3908 | D:5      | Reached XP level 8. HP: 49/64 MP: 8/8
  4448 | D:5      | Reached * piety under Okawaru
  4816 | D:5      | Reached skill level 5 in Armour
  5090 | D:5      | Reached skill level 5 in Axes
  5288 | D:6      | Reached XP level 9. HP: 43/71 MP: 7/10
  5442 | D:6      | Found a stormy altar of Qazlal.
  5474 | D:6      | Reached ** piety under Okawaru
  5478 | D:6      | Found a basalt altar of Yredelemnul.
  5567 | D:6      | Noticed babuloseo's ghost (weakling DrFE)
  5581 | D:6      | Killed babuloseo's ghost
  5790 | D:6      | Found a sacrificial altar of Ru.
  6497 | D:7      | Found a stormy altar of Qazlal.
  6823 | D:7      | Reached skill level 1 in Crossbows
  6863 | D:8      | Found a radiant altar of Vehumet.
  6874 | D:8      | Identified Vehumet's Guide on Battle Magic
  6901 | D:8      | Killed from afar by an electric eel

Skill      XL: |  1  2  3  4  5  6  7  8  9 |
---------------+----------------------------+-----
Shields        | 4 5 6 7 |  7.6
Fighting       | 4 5 6 7 |  7.7
Dodging        | 1 2 3 |  3.3
Armour         | 4 5 |  5.5
Axes           | 3 4 5 6 |  6.2
Invocations    | 1 2 3 |  3.5
Crossbows      | 1 |  1.6

Action                   |  1- 3 |  4- 6 |  7- 9 || total
-------------------------+-------+-------+-------++-------
Melee: War axe           |    91 |   157 |   384 ||   632
Invok: Heroism           |       |       |     4 ||     4
  Use: Scroll            |       |     4 |     7 ||    11
  Eat: Chunk             |       |     6 |    15 ||    21
Armor: Scale mail        |    15 |       |       ||    15
       Chain mail        |    24 |    98 |   136 ||   258
Dodge: Dodged            |    26 |    41 |   112 ||   179
Block: Shield            |    38 |   104 |   234 ||   376
